 Dungeon Crawl Stone Soup version 0.27-a0-1046-g98bf31544f (webtiles) character file.

Game seed: 11511431384984453904

5796 siradein the Grappler (level 10, -2/70 HPs)
             Began as a Demonspawn Fighter on Apr 19, 2021.
             Was a Follower of Fedhas.
             Slain by a two-headed ogre
             ... wielding a +0 giant spiked club
              (13 damage)
             ... on level 8 of the Dungeon.
             The game lasted 01:38:51 (14432 turns).

siradein the Grappler (Demonspawn Fighter)         Turns: 14432, Time: 01:38:53

Health: -2/70      AC: 16    Str: 18    XL:     10   Next: 50%
Magic:  17/17      EV:  5    Int: 10    God:    Fedhas [*.....]
Gold:   343        SH:  8    Dex: 14    Spells: 9/9 levels left

rFire    + . .     SeeInvis .   q - +4 scimitar (flame)
rCold    . . .     Faith    .   x - +0 buckler
rNeg     . . .     Spirit   .   N - +0 plate armour
rPois    .         Reflect  .   J - +2 hat
rElec    .         Harm     .   (no cloak)
rCorr    .         Rampage  .   k - +1 pair of gloves
Will     .....                  C - +0 pair of boots
Stlth    ..........             a - amulet of the acrobat
HPRegen  0.21/turn              o - ring of flight
MPRegen  0.15/turn              M - ring of protection from fire

@: flying, studying Short Blades
A: antennae 1, claws 2, spiny 1, condensation shield
a: Renounce Religion


You were on level 8 of the Dungeon.
You worshipped Fedhas.
Fedhas was aware of your devotion.
You visited 2 branches of the dungeon, and saw 10 of its levels.

You collected 343 gold pieces.

Inventory:

Hand Weapons
 q - a +4 scimitar of flaming (weapon)
Missiles
 t - 8 boomerangs (quivered)
 B - a curare-tipped dart
 K - 8 javelins
Armour
 c - a +0 kite shield
 k - a +1 pair of gloves (worn)
 r - a +2 leather armour of poison resistance
 x - a +0 buckler (worn)
 C - a +0 pair of boots (worn)
 J - a +2 hat (worn)
 N - a +0 plate armour (worn)
Jewellery
 a - an amulet of the acrobat (around neck)
 o - a ring of flight (left hand)
 v - a ring of fire
 L - a +6 ring of intelligence
 M - a ring of protection from fire (right hand)
Wands
 b - a wand of flame (10)
 H - a wand of iceblast (6)
Scrolls
 e - a scroll of enchant weapon {unknown}
 f - 2 scrolls of fog
 g - a scroll of summoning
 i - 3 scrolls of blinking
 j - 2 scrolls of teleportation {unknown}
 l - a scroll of silence {unknown}
 m - a scroll of enchant armour {unknown}
 n - 5 scrolls of immolation
 p - 2 scrolls of vulnerability {unknown}
 y - 4 scrolls of amnesia {unknown}
 F - 2 scrolls of magic mapping {unknown}
 G - a scroll of noise {unknown}
Potions
 d - 2 potions of might
 h - a potion of heal wounds
 s - 2 potions of flight {unknown}
 u - a potion of magic
 w - 2 potions of invisibility {unknown}
 z - a potion of curing {unknown}
 A - a potion of lignification {unknown}
 D - 2 potions of haste {unknown}
 E - a potion of resistance {unknown}
 I - a potion of mutation {unknown}


   Skills:
 - Level 3.0 Fighting
 - Level 5.8 Long Blades
 - Level 2.6 Armour
 - Level 2.6 Shields
 + Level 11.2 Unarmed Combat
 * Level 9.9 Invocations


You had 9 spell levels left.
You didn't know any spells.
Your spell library contained the following spells:

 Spells                   Type           Power      Damage    Failure   Level
 Animate Skeleton         Necr           0%         N/A       100%        1
 Beastly Appendage        Tmut           0%         N/A       100%        1
 Pain                     Necr           0%         1d4       100%        1
 Wereblood                Tmut           0%         N/A       100%        2
 Spider Form              Tmut/Pois      0%         N/A       100%        3
 Vampiric Draining        Necr           0%         2d6       100%        3
 Animate Dead             Necr           0%         N/A       100%        4
 Ice Form                 Ice/Tmut       0%         N/A       100%        4
 Agony                    Necr           0%         N/A       100%        5
 Hydra Form               Tmut           0%         N/A       100%        5


Dungeon Overview and Level Annotations

Branches:
Dungeon (9/15)             Temple (1/1) D:7             Orc (0/2) D:9
   Lair: D:8-11

Altars:
Ashenzari
Dithmenos
Elyvilon
Fedhas
Hepliaklqana
Kikubaaqudgha
Makhleb
Okawaru
Qazlal
Ru
Sif Muna
Wu Jian
Yredelemnul
Zin
The Shining One

Shops:
D:4 ?   D:8 (

Annotations:
D:5 1 runed translucent door, KEN's ghost, amateur FoFi


Innate Abilities, Weirdness & Mutations

You have a pair of small antennae on your head.
You have very sharp fingernails.
You are partially covered in sharp spines.
A meltable shield of frost defends you. (SH +4)


Message History

Okay, then.
You feel much better.
Things that are here:
a +0 giant club; a +0 giant club
Press: ? - help, v - describe, . - travel
Here: a two-headed ogre, wielding a +0 giant spiked club and a +0 giant club (lightly wounded) Some shallow water.
Things that are here:
a +0 giant club; a +0 giant club The two-headed ogre closely misses you.
You riposte.
You slash the two-headed ogre! You burn the two-headed ogre.
The two-headed ogre is lightly wounded.
The two-headed ogre closely misses you.
Aiming: Throw Flame
Press: ? - help, Shift-Dir - straight line, f/p - two-headed ogre
Aim: a two-headed ogre, wielding a +0 giant spiked club and a +0 giant club (lightly wounded, 85% to hit)
The puff of flame hits the two-headed ogre!
The two-headed ogre is moderately wounded.
The two-headed ogre is engulfed in a cloud of scalding steam.
The two-headed ogre is engulfed in a cloud of scalding steam.
Aiming: Throw Flame
Press: ? - help, Shift-Dir - straight line, f/p - two-headed ogre
Aim: a two-headed ogre, wielding a +0 giant spiked club and a +0 giant club (severely wounded, 85% to hit)
The puff of flame hits the two-headed ogre.
The two-headed ogre is severely wounded.
The two-headed ogre is engulfed in a cloud of scalding steam.
You barely miss the two-headed ogre.
The two-headed ogre is severely wounded.
The two-headed ogre barely misses you. You block the two-headed ogre's attack.
You hit the two-headed ogre. You burn the two-headed ogre.
The two-headed ogre is almost dead.
The two-headed ogre hits you with a +0 giant spiked club!
The two-headed ogre hits you with a +0 giant club!
Your plate armour prevents you from hitting the two-headed ogre.
The two-headed ogre is almost dead.
The two-headed ogre hits you with a +0 giant spiked club!
* * * LOW HITPOINT WARNING * * *
The two-headed ogre hits you with a +0 giant club!
You die...
Fedhas appreciates your contribution to the ecosystem.

.##....##.#######...#####
.##.........##..........##
.#.........##..≈≈≈≈..≈♣..#
...........##..♣.....###.#
.#..............♣)..≈.##.#
.................♣≈≈.≈.#.#
............##≈≈≈≈...≈...#
#.##......####.≈.O#≈≈≈####
#..#......#.#.≈.@.≈≈≈≈≈.#
#..............##.≈.≈≈≈.#
##.##......#....≈.≈.≈≈≈.#
########...#...≈.≈≈≈≈♣≈##
..#....#.[..........####
.......).##[..#######
..###.....#####
#####.....# ##......#


You could see a two-headed ogre.

Vanquished Creatures
  Erica (D:8)
  A two-headed ogre (D:8)
  A troll (D:8)
  Prince Ribbit (D:7)
  Sigmund (D:5)
  Menkaure (D:5)
  Edmund (D:5)
  3 water moccasins
  5 orc warriors
  Duvessa (D:6)
  3 sky beasts
  5 ogres
  A black bear (D:6)
  A necrophage (D:6)
  4 centaurs
  2 phantoms
  2 kobold brigands
  2 bullfrogs
  A scorpion (D:5)
  Dowan (D:6)
  2 killer bees (D:9)
  5 wights (D:7)
  A centaur zombie (D:7)
  A bullfrog zombie (D:5)
  2 hounds
  A jelly (D:7)
  4 orc priests
  A gnoll shaman (D:7)
  2 iguanas
  A centaur skeleton (D:6)
  7 orc wizards
  3 gnolls
  9 adders
  7 white imps
  2 adder zombies
  4 worms
  6 dart slugs
  34 orcs
  6 bats
  5 endoplasms
  4 giant cockroaches
  13 goblins
  5 hobgoblins
  4 jackals (D:3)
  16 kobolds
  3 quokkas
  9 ball pythons
  A ball python skeleton (D:2)
  6 frilled lizards
  3 jackal skeletons (D:2)
  5 rats
210 creatures vanquished.

Vanquished Creatures (others)
  A withered plant (D:2)
1 creature vanquished.

Grand Total: 211 creatures vanquished

Notes
Turn   | Place    | Note
-------+----------+-------------------------------------------
     0 | D:1      | siradein the Demonspawn Fighter began the quest for the
                  | Orb.
     0 | D:1      | Reached XP level 1. HP: 18/18 MP: 1/1
   174 | D:1      | Gained mutation: You are partially covered in sharp spines.
                  | [demonic ancestry]
   174 | D:1      | Reached XP level 2. HP: 24/24 MP: 2/2
   572 | D:1      | Reached XP level 3. HP: 29/29 MP: 3/3
  1677 | D:2      | Reached XP level 4. HP: 34/35 MP: 4/4
  1694 | D:2      | Found a faded altar of an unknown god.
  2686 | D:3      | Gained mutation: A meltable shield of frost defends you.
                  | (SH +4) [demonic ancestry]
  2686 | D:3      | Reached XP level 5. HP: 16/39 MP: 5/5
  2962 | D:3      | Reached skill level 5 in Long Blades
  2986 | D:3      | Noticed an orc warrior
  3269 | D:4      | Noticed an ogre
  3679 | D:4      | Noticed a phantom
  3708 | D:4      | Killed a phantom
  4011 | D:4      | Found Minegris's Magic Scroll Shoppe.
  4215 | D:4      | Gained mutation: You have sharp fingernails. [demonic
                  | ancestry]
  4215 | D:4      | Reached XP level 6. HP: 40/47 MP: 4/6
  4453 | D:4      | Found a stormy altar of Qazlal.
  4537 | D:4      | Found a hazy altar of Hepliaklqana.
  4538 | D:4      | Found a basalt altar of Yredelemnul.
  4538 | D:4      | Found a broken altar of Ashenzari.
  4545 | D:4      | Found an ancient bone altar of Kikubaaqudgha.
  4600 | D:5      | Entered Level 5 of the Dungeon
  4612 | D:5      | Reached skill level 1 in Unarmed Combat
  4720 | D:5      | Noticed a sky beast
  4752 | D:5      | Killed a sky beast
  4753 | D:5      | Reached skill level 2 in Unarmed Combat
  4841 | D:5      | Reached skill level 3 in Unarmed Combat
  5165 | D:5      | Gained mutation: You have a pair of small antennae on your
                  | head. [demonic ancestry]
  5165 | D:5      | Reached XP level 7. HP: 46/52 MP: 7/7
  5284 | D:5      | Found a runed translucent door.
  5315 | D:5      | Reached skill level 4 in Unarmed Combat
  5545 | D:5      | Noticed KEN's ghost (amateur FoFi)
  5552 | D:5      | Noticed Menkaure
  5611 | D:4      | Reached skill level 5 in Unarmed Combat
  6507 | D:5      | Noticed Edmund
  6531 | D:5      | Killed Edmund
  6532 | D:5      | Reached skill level 6 in Unarmed Combat
  6532 | D:5      | Gained mutation: You have very sharp fingernails. [demonic
                  | ancestry]
  6532 | D:5      | Reached XP level 8. HP: 33/58 MP: 5/8
  6673 | D:5      | Noticed Sigmund
  6684 | D:5      | Killed Sigmund
  6987 | D:5      | Reached skill level 7 in Unarmed Combat
  7325 | D:5      | Killed Menkaure
  7326 | D:5      | Reached skill level 8 in Unarmed Combat
  8003 | D:6      | Reached skill level 9 in Unarmed Combat
  8184 | D:6      | Reached XP level 9. HP: 49/63 MP: 6/9
  8540 | D:6      | Noticed Duvessa
  8568 | D:6      | Killed Duvessa
  8710 | D:6      | Noticed Dowan
  8727 | D:6      | Killed Dowan
  9496 | D:6      | Reached skill level 10 in Unarmed Combat
  9603 | D:7      | Found a staircase to the Ecumenical Temple.
  9620 | Temple   | Entered the Ecumenical Temple
  9626 | Temple   | Became a worshipper of Fedhas Madash
  9752 | D:7      | Reached skill level 1 in Invocations
 10047 | D:7      | Noticed Prince Ribbit
 10812 | D:7      | Killed Prince Ribbit
 10813 | D:7      | Reached skill level 5 in Invocations
 11352 | D:8      | Noticed a troll
 11513 | D:8      | Found Jucij's Weapon Shoppe.
 11532 | D:8      | Reached * piety under Fedhas
 11866 | D:8      | Noticed Erica
 11889 | D:8      | Killed Erica
 11890 | D:8      | Reached XP level 10. HP: 23/70 MP: 3/15
 12469 | D:9      | Noticed a two-headed ogre
 12490 | D:9      | Reached skill level 11 in Unarmed Combat
 12605 | D:9      | Found a staircase to the Orcish Mines.
 12893 | D:9      | Noticed a two-headed ogre
 13213 | D:8      | Upgraded the game from 0.27-a0-1036-g8e1b44f6bd to
                  | 0.27-a0-1046-g98bf31544f
 13640 | D:8      | Killed a two-headed ogre
 14181 | D:9      | Noticed a two-headed ogre
 14337 | D:8      | HP: 2/70 [two-headed ogre/+0 giant spiked club (14)]
 14432 | D:8      | Slain by a two-headed ogre

Illustrated notes

Levels and vault maps discovered:
D:1:      dpeg_arrival_round_a, layout_loops_ring, minivault_23,
          chequers_serial_rivers_micro_e, minivault_14, minmay_pentomino_z4
D:2:      layout_rooms, serial_undead, serial_undead_e, serial_undead_d,
          serial_undead_a, serial_undead_d, hellmonk_ecumenical_altar_blasted
D:3:      layout_basic
D:4:      layout_loops_ring, minitemple, gammafunk_temple_overflow_pools,
          serial_shops, shop_fountains, nrook_mini_backslash
D:5:      layout_basic, hellmonk_ghost_happy_afterlife, minivault_26,
          minivault_11, dk_noncrumbling_4, minmay_manual_mail, uniq_sigmund,
          uniq_edmund, uniq_menkaure
D:6:      cheibrodos_helix_gallery, layout_basic, uniq_duvessa
D:7:      layout_rooms, minmay_temple_entry_glass, uniq_prince_ribbit1
D:8:      layout_cave_pools, serial_shops, shop, minmay_door_square,
          chequers_serial_rivers_micro_d, chequers_serial_rivers_marsh,
          uniq_erica
D:9:      layout_irregular_city, erik_orc_3, serial_shops,
          nicolae_shop_statue_plus
Temple:   eino_narrow_crystal_temple

Skill      XL: |  1  2  3  4  5  6  7  8  9 10 |
---------------+-------------------------------+-----
Long Blades    | 2 3 4 5 |  5.8
Unarmed Combat | 3 6 9 10 11 | 11.2
Invocations    | 7 9 |  9.9
Fighting       | |  3.0
Armour         | |  2.6
Shields        | |  2.6

Action                   |  1- 3 |  4- 6 |  7- 9 | 10-12 || total
-------------------------+-------+-------+-------+-------++-------
Melee: Long sword        |   101 |    69 |   292 |       ||   462
       Short sword       |       |   114 |       |       ||   114
       Falchion          |       |       |    96 |       ||    96
       Scimitar          |       |       |       |    68 ||    68
Throw: Boomerang         |       |       |     6 |       ||     6
Evoke: Wand              |       |       |     4 |     3 ||     7
  Use: Scroll            |     4 |     2 |       |       ||     6
       Potion            |       |       |     2 |     1 ||     3
Armor: Scale mail        |    52 |    53 |    14 |       ||   119
       Chain mail        |       |       |   150 |     7 ||   157
       Plate armour      |       |       |       |    24 ||    24
Dodge: Dodged            |    31 |    30 |    87 |    36 ||   184
Block: Kite shield       |    61 |    60 |       |       ||   121
       Buckler           |       |    16 |   141 |    45 ||   202
       Other             |       |     2 |       |       ||     2
       Rpst.: Long sword |     9 |     6 |    23 |       ||    38
       Falchion          |       |       |     3 |       ||     3
       Scimitar          |       |       |       |     7 ||     7

Table legend: (Time is in decaauts)
 A = Elapsed time spent in this place.
 B = Non-inter-level travel time spent in this place.
 C = Inter-level travel time spent in this place.
 D = Time resting spent in this place.
 E = Time spent auto-exploring this place.
 F = Levels seen in this place.
 G = Mean time per level.
                   A        B        C        D        E       F      G
               +--------+--------+--------+--------+--------+-----+--------+
         Total |  14663 |  14495 |    168 |   3164 |   7500 |  10 | 1466.3 |
       Dungeon |  14650 |  14482 |    168 |   3164 |   7500 |   9 | 1627.8 |
        Temple |     12 |     12 |      0 |      0 |      0 |   1 |   12.0 |
               +--------+--------+--------+--------+--------+-----+--------+

Top non-repeatable levels by time:
     D:8: 2424 daAuts
     D:6: 2200 daAuts
     D:5: 1933 daAuts
     D:7: 1707 daAuts
     D:3: 1586 daAuts
     D:1: 1366 daAuts
     D:4: 1353 daAuts
     D:2: 1270 daAuts
     D:9: 808 daAuts
  Temple: 12 daAuts
